AoeStats
← Minister of Silly Walks

Arena

510275382Analyzed
2v2 RM · 2d ago on Sep 30, 2026· 59m 10s· 4 players
Game mode
Random Map
Map size
Medium (4 player)
Population
200
Speed
Normal
Resources
Standard
Victory
Conquest
Starting age
Dark Age
Ending age
Imperial Age
RankedLock teamsTeams togetherTeam positionsShared explorationLock speedFull tech treeHidden civsTurbo modeCheats
Victory
Defeat
🇫🇷 Danes · France
1183
+13
🇳🇱 Ethiopians · Netherlands
1168
+14
🇩🇪 Khmer · Germany
1268
-19
🇦🇺 Turks · Australia
979
-8
Raudius
7:13 Loom
7:38 Loom
10:59 Feudal Age
15:06 Castle Age
14:04 Horse Collar
14:21 Double-Bit Axe
19:18 Arson
20:00 Squires
25:03 Bow Saw
25:32 Gold Mining
34:03 Imperial Age
36:02 Chemistry
35:29 Torsion Engines
37:21 Chemistry
39:52 Two-Man Saw
43:10 Scale Mail Armor
43:20 Forging
44:07 Ballistics
43:50 Heavy Scorpion
46:41 Siege Engineers
51:55 Chain Mail Armor
52:13 Royal Heirs
59:34 Plate Mail Armor
Minister of Silly Walks
8:01 Loom
10:18 Feudal Age
14:01 Castle Age
14:34 Double-Bit Axe
14:32 Horse Collar
15:50 Bow Saw
21:12 Scale Mail Armor
27:13 Wheelbarrow
26:34 Gold Mining
26:49 Heavy Plow
30:23 Imperial Age
27:39 Town Watch
27:40 Loom
28:41 Hand Cart
29:47 Chain Mail Armor
28:55 Pikeman
29:36 Squires
31:20 Forging
30:48 Halberdier
31:22 Gambesons
32:21 Plate Mail Armor
34:05 Iron Casting
34:44 Ballistics
34:37 Onager
35:45 Conscription
36:07 Masonry
41:53 Fletching
42:42 Northmen's Fury
45:56 Siege Onager
48:32 Heavy Scorpion
50:59 Chemistry
50:05 Siege Engineers
60:40 Blast Furnace
3st
9:30 Feudal Age
12:25 Castle Age
11:11 Double-Bit Axe
20:15 Wheelbarrow
19:25 Loom
19:38 Horse Collar
20:54 Bow Saw
21:30 Heavy Plow
20:59 Crossbowman
22:24 Gold Mining
24:37 Padded Archer Armor
24:27 Fletching
24:55 Murder Holes
27:43 Imperial Age
26:01 Leather Archer Armor
27:06 Bodkin Arrow
27:17 Scale Barding Armor
28:21 Bloodlines
28:11 Husbandry
27:32 Light Cavalry
29:45 Chemistry
30:40 Ring Archer Armor
30:10 Bracer
29:52 Arbalester
32:30 Bracer
32:50 Chain Barding Armor
32:34 Hussar
35:46 Conscription
40:41 Crop Rotation
40:24 Forging
43:54 Plate Barding Armor
44:36 Scale Mail Armor
48:11 Double Crossbow
49:04 Elite Ballista Elephant
53:27 Iron Casting
chewbaccachainsaw
11:02 Feudal Age
11:14 Loom
12:22 Loom
15:03 Castle Age
14:09 Double-Bit Axe
14:06 Horse Collar
21:45 Gold Mining
27:14 Wheelbarrow
29:58 Hand Cart
Connection lost

Rejoining the realm…

Still unreachable

The connection could not be restored.

Session expired

The server has moved on; the page needs a fresh start.